 Dungeon Crawl Stone Soup version 0.20.2-3-g29329e0561 (webtiles) character file.

75 Alfie the Covered (level 4, -6/40 HPs)
             Began as a Minotaur Fighter on Nov 10, 2020.
             Killed by divine providence
             ... invoked by an orc priest
              (13 damage)
             ... on level 3 of the Dungeon.
             The game lasted 00:04:01 (744 turns).

Alfie the Covered (Minotaur Fighter)                 Turns: 744, Time: 00:04:02

Health: -6/40      AC:  8    Str: 21    XL:     4   Next: 11%
Magic:  3/3        EV:  8    Int:  5    God:
Gold:   62         SH:  9    Dex: 10    Spells: 3/3 levels left

rFire    . . .     SeeInvis .   a - +1 long sword
rCold    . . .     Gourm    .   c - +0 shield
rNeg     . . .     Faith    .   b - +1 scale mail
rPois    .         Spirit   .   (helmet restricted)
rElec    .         Reflect  .   (no cloak)
rCorr    .         Harm     .   (no gloves)
MR       .....                  (no boots)
Stlth    ..........             (no amulet)
Regen    0.2/turn               (no ring)
MPRegen  0.1/turn               (no ring)

@: no status effects
A: retaliatory headbutt, horns 2
a: no special abilities


You were on level 3 of the Dungeon.
You were not hungry.

You visited 1 branch of the dungeon, and saw 3 of its levels.

You collected 62 gold pieces.

Inventory:

Hand Weapons
 a - a +1 long sword (weapon)
Armour
 b - a +1 scale mail (worn)
 c - a +0 shield (worn)
Jewellery
 g - an uncursed ring of ice
 i - an uncursed amulet of harm {unknown}
Scrolls
 j - a scroll of remove curse {unknown}
 k - 4 scrolls of identify
 m - a scroll of recharging
Potions
 d - a potion of might
 e - a potion of mutation {unknown}
 h - 2 potions of resistance {unknown}
 l - 3 potions of heal wounds
Comestibles
 f - a bread ration


   Skills:
 + Level 3.9 Fighting
 + Level 3.4 Long Blades
 + Level 4.4 Armour
 + Level 0.9 Dodging
 + Level 4.3 Shields


You had 3 spell levels left.
You didn't know any spells.

Dungeon Overview and Level Annotations

Branches:
Dungeon (3/15)

Altars:
Trog

Annotations:
D:2 Natasha, Sigmund


Innate Abilities, Weirdness & Mutations

You reflexively headbutt those who attack you in melee.
You have a pair of horns on your head.


Message History

a club; a hobgoblin corpse The orc priest hits you but does no damage.
You block the orc's attack. The orc hits you.
You block the orc priest's attack. The orc priest hits you with a war axe.
* * * LOW HITPOINT WARNING * * *
You block the orc's attack.
You see here a hobgoblin corpse.
The orc priest looks braver for a moment.
The orc hits you.
* * * LOW HITPOINT WARNING * * *
The orc priest barely misses you. You block the frilled lizard's attack.
The orc hits you.
* * * LOW HITPOINT WARNING * * *
You block the orc's attack. The frilled lizard barely misses you.
You furiously retaliate!
You headbutt the frilled lizard.
The orc priest invokes the aid of Beogh against you.
Beogh smites you!
You die...

#..####.........
....#........###..
......###...## .. ..
####.###.....#.# .>.
###......._...#
......#####....#.##...##...
............#.#..#.......##
..... #..##..l#.#..#######
..... #...o.oo@..........
......###...oo###########.
......#...†....#
###.....####.# .##...#..##
.# ....##..## ..
..##.....## #.#
..........## ..
.....?.)...# ##


You could see 2 orc priests, 3 orcs and a frilled lizard.

Vanquished Creatures
  A gnoll (D:1)
  An ooze (D:1)
  A worm (D:3)
  5 dart slugs (D:1)
  2 leopard geckos (D:1)
  3 giant cockroaches
  4 goblins
  8 hobgoblins
  5 kobolds (D:1)
  A quokka (D:2)
  2 ball pythons
  4 bats
  2 frilled lizards
  8 rats
47 creatures vanquished.

Notes
Turn   | Place    | Note
-------+----------+-------------------------------------------
     0 | D:1      | Alfie the Minotaur Fighter began the quest for the Orb.
     0 | D:1      | Reached XP level 1. HP: 19/19 MP: 0/0
    88 | D:1      | Reached XP level 2. HP: 20/27 MP: 1/1
   144 | D:1      | Reached XP level 3. HP: 19/33 MP: 2/2
   560 | D:2      | Noticed Sigmund
   632 | D:2      | Noticed Natasha
   657 | D:3      | Reached XP level 4. HP: 36/40 MP: 3/3
   685 | D:3      | Found a bloodstained altar of Trog.
   744 | D:3      | Killed from afar by an orc priest

Skill      XL: |  1  2  3 |
---------------+----------+-----
Armour         | 4 |  4.4
Shields        | 4 |  4.3
Long Blades    | 3 |  3.4
Fighting       | |  3.9
Dodging        | |  0.9

Action                   |  1- 3 |  4- 6 || total
-------------------------+-------+-------++-------
Melee: Long sword        |    79 |     8 ||    87
       Headbutt          |    12 |     4 ||    16
  Use: Scroll            |     3 |     3 ||     6
Armor: Scale mail        |    54 |     3 ||    57
Dodge: Dodged            |    42 |     5 ||    47
Block: Shield            |    71 |     7 ||    78
       Rpst.: Long sword |    11 |     1 ||    12
